 Dungeon Crawl Stone Soup version 0.29.1-2-gbd0b4ee654 (webtiles) character file.

Game seed: 7384851826757121171

52443 DemonSlayer the Thaumaturge (level 14, -6/98 HPs)
             Began as a Demonspawn Fire Elementalist on Nov 15, 2022.
             Was a High Priest of Makhleb.
             Mangled by an eight-headed hydra (9 damage)
             ... on level 11 of the Dungeon.
             The game lasted 00:54:32 (16111 turns).

DemonSlayer the Thaumaturge (DsFE)                 Turns: 16111, Time: 00:54:33

Health: -6/98      AC:  7    Str: 15    XL:     14   Next: 27%
Magic:  0/49       EV: 13    Int: 16    God:    Makhleb [*****.]
Gold:   626        SH:  8    Dex: 13    Spells: 22/39 levels left

rFire   . . .      SeeInvis .   g - +12 pair of quick blades "Gyre" and "Gimble" {protect}
rCold   . . .      Faith    .   (shield currently unavailable)
rNeg    . . .      Spirit   +   O - +0 troll leather armour
rPois   .          Reflect  .   p - -1 hat of Lugonu's Pride {Regen+}
rElec   .          Harm     .   c - +0 cloak
rCorr   .          Rampage  .   l - +0 pair of gloves
Will    +....                   u - +0 pair of boots "Luylua Ymeu" {Regen+}
Stlth   ++++......              q - amulet of regeneration
HPRegen 3.46/turn               C - ring of magical power
MPRegen 0.62/turn               t - ring of magical power

@: marked
A: antennae 2, large bone plates 3, magic shield, magic regeneration, demonic
magic 2
a: Renounce Religion, Minor Destruction, Lesser Servant of Makhleb, Major
Destruction, Greater Servant of Makhleb


You were on level 11 of the Dungeon.
You worshipped Makhleb.
Makhleb was extremely pleased with you.
You visited 2 branches of the dungeon, and saw 16 of its levels.

You collected 1004 gold pieces.
You spent 378 gold pieces at shops.

Inventory:

Hand Weapons
 b - a +3 quick blade of venom
 g - the +12 pair of quick blades "Gyre" and "Gimble" (weapon) {protect}
   (You acquired it on level 2 of the Lair of Beasts)

   It grants its wielder temporary protection when it strikes (+7 to AC).
 G - the +6 hand axe of the Many Visions {vamp, rPois}
   (You found it on level 9 of the Dungeon)

   It occasionally heals its wielder for a portion of the damage dealt when it
   wounds a living foe.
   rPois:     It protects you from poison.
 J - the +8 shortbow of Efosi {venom, rN+ Stlth+}
   (You found it on level 9 of the Dungeon)

   Any ammunition fired from it poisons the flesh of those it strikes.
   rN:        It protects you from negative energy.
   Stlth:     It makes you more stealthy.
Missiles
 T - 2 curare-tipped darts
Armour
 c - a +0 cloak (worn)
 l - a +0 pair of gloves (worn)
 p - the -1 hat of Lugonu's Pride (worn) {Regen+}
   (You found it on level 3 of the Lair of Beasts)

   Regen:     It increases your rate of health regeneration.
 u - the +0 pair of boots "Luylua Ymeu" (worn) {Regen+}
   (You acquired it on level 3 of the Lair of Beasts)

   Regen:     It increases your rate of health regeneration.
 O - a +0 troll leather armour (worn)
 P - the +5 ring mail of Sesobbye {rElec Slay+2}
   (You found it on level 11 of the Dungeon)

   Slay:      It affects your accuracy & damage with ranged weapons and melee
   (+2).
   rElec:     It insulates you from electricity.
Jewellery
 k - a ring of flight
 q - an amulet of regeneration (around neck)
 t - a ring of magical power (right hand)
 C - a ring of magical power (left hand)
 L - a ring of protection from fire
 N - a ring of resist corrosion
 R - a +4 ring of protection
 U - a ring of see invisible
Wands
 m - a wand of digging (5)
 r - a wand of charming (19)
 A - a wand of flame (26)
 K - a wand of mindburst (12)
 S - a wand of light (4)
Scrolls
 e - 5 scrolls of teleportation
 i - a scroll of poison
 n - 4 scrolls of vulnerability
 o - 3 scrolls of noise
 v - 3 scrolls of immolation
 x - a scroll of silence {unknown}
 y - 2 scrolls of fear {unknown}
 z - 2 scrolls of enchant armour {unknown}
 D - a scroll of magic mapping {unknown}
 F - a scroll of enchant weapon {unknown}
 H - 3 scrolls of fog
 Q - a scroll of torment {unknown}
Potions
 a - 3 potions of attraction
 d - 6 potions of curing
 f - a potion of might
 h - 3 potions of lignification
 j - 3 potions of flight
 s - a potion of brilliance {unknown}
 w - a potion of resistance {unknown}
 B - a potion of cancellation
 E - 3 potions of mutation
 M - 2 potions of berserk rage {unknown}
Miscellaneous
 I - a phial of floods


   Skills:
 + Level 5.0 Fighting
 + Level 4.4 Short Blades
 + Level 1.1 Axes
 + Level 6.3 Ranged Weapons
 + Level 4.5 Armour
 + Level 5.1 Dodging
 + Level 10.3 Stealth
 + Level 3.0 Shields
 + Level 13.0 Spellcasting
 + Level 3.8 Conjurations
 + Level 12.4 Fire Magic


You had 22 spell levels left.
You knew the following spells:

 Your Spells              Type           Power      Damage    Failure   Level
a - Foxfire               Conj/Fire      100%       2x1d9     1%          1
b - Scorch                Fire           100%       2d10      1%          2
c - Conjure Flame         Conj/Fire      36%        6-21      1%          3
d - Flame Wave            Conj/Fire      36%        2d10      3%          4
e - Tukima's Dance        Hex            10%        N/A       24%         3
f - Dispel Undead         Necr           10%        3d9       63%         4

Your spell library contained the following spells:

 Spells                   Type           Power      Damage    Failure   Level
 Inner Flame              Hex/Fire       30%        N/A       1%          3
 Portal Projectile        Hex/Tloc       20%        N/A       24%         3
 Corpse Rot               Necr/Pois/Air  10%        N/A       63%         4
 Irradiate                Conj/Tmut      8%         3d14      71%         5
 Blade Hands              Tmut           5%         N/A       92%         5
 Death Channel            Necr           5%         N/A       100%        6
 Dragon Form              Tmut           5%         N/A       100%        7


Dungeon Overview and Level Annotations

Branches:
Dungeon (11/15)            Temple (0/1) D:7            Lair (5/5) D:10
 Shoals (0/4) Lair:3        Snake (0/4) Lair:2          Orc (0/2) D:9
  Slime: Lair:4-5

Altars:
Dithmenos
Kikubaaqudgha
Makhleb
Ru
Sif Muna
Trog
Uskayaw
Xom

Shops:
D:2 (   D:9 [


Innate Abilities, Weirdness & Mutations

You have a pair of antennae on your head.
You are completely covered in large bone plates. (SH +8)
When hurt, damage is shared between your health and your magic reserves.
You regenerate magic rapidly.
Spells you cast may paralyse nearby enemies.


Message History

You block the eight-headed hydra's attack.
The eight-headed hydra attacks as you move away!
The eight-headed hydra bites you but does no damage.
The eight-headed hydra misses you.
The eight-headed hydra bites you but does no damage.
You block the eight-headed hydra's attack.
The eight-headed hydra closely misses you. x2
The eight-headed hydra bites you!
* * * LOW HITPOINT WARNING * * *
The eight-headed hydra bites you but does no damage.
Okay, then.
As you read the scroll of fog, it crumbles to dust.
The scroll dissolves into smoke.
You block the eight-headed hydra's attack.
The eight-headed hydra closely misses you.
The eight-headed hydra bites you but does no damage.
The eight-headed hydra bites you.
* * * LOW HITPOINT WARNING * * *
The eight-headed hydra misses you.
The eight-headed hydra barely misses you.
The eight-headed hydra bites you but does no damage.
The eight-headed hydra bites you!
* * * LOW HITPOINT WARNING * * *
Casting: Scorch (safe; 1% risk of failure)
Confirm with . or Enter, or press ? or * to list all spells.
Flames lash the eight-headed hydra.
The eight-headed hydra is burned terribly!
The eight-headed hydra is almost dead.
Malevolent energies surge around you.
You block the eight-headed hydra's attack.
The eight-headed hydra bites you.
* * * LOW HITPOINT WARNING * * *
The eight-headed hydra completely misses you.
The eight-headed hydra closely misses you.
The eight-headed hydra completely misses you.
The eight-headed hydra closely misses you.
The eight-headed hydra bites you!
* * * LOW HITPOINT WARNING * * *
The eight-headed hydra bites you!
You die...

#).#.. ........#########.#..#.#
............................#.#
##########################..#.#
.# #...#..# .. #....#
.####..#†# #R○ { #....##
...#.#...# ####F #..#..#
.#..####.###.#§§#{ #..#..##
.#...# #.....#§D## #..#(.#.
##########.#####@### #.......
.#.....##...##§§§§§# #.......
##.....##8.8##§###§# #...##..
#..|)[.#.......# .# #.......
.#.....##8)8##.# # #.#####.
##.....##...##... #.# #.
####†############# #.#####.
.#.....# #......^ .#.#[#.# { {
#.#.####


You could see an eight-headed hydra (combustible).

Vanquished Creatures
  Kirke (Lair:3)
  An ice dragon (D:11)
  7 hydras
  A centaur warrior (D:11)
  2 boulder beetles
  8 two-headed ogres
  A death yak (Lair:5)
  A tengu warrior (D:11)
  Urug (D:11)
  Sonja (D:11)
  Amaemon (Lair:3)
  3 lindwurms
  2 wizards (D:11)
  A deep elf zephyrmancer (D:7)
  A wolf spider zombie (D:7)
  2 ugly things (D:11)
  A wolf spider (Lair:3)
  2 manticores (D:11)
  2 centaur zombies (D:7)
  10 elephants
  3 cyclopes
  3 black mambas
  A merfolk siren (Lair:3)
  Maggie (D:10)
  An orange demon (Lair:3)
  8 cane toads
  3 komodo dragons
  A kobold demonologist (D:11)
  2 rime drakes (Lair:2)
  A centaur skeleton (D:7)
  A redback zombie (D:7)
  An unseen horror (D:11)
  A freezing wraith (D:11)
  2 hellwings
  8 trolls
  2 polar bears (Lair:2)
  16 blink frogs
  Prince Ribbit (Lair:1)
  11 dream sheep (Lair:4)
  2 shadows
  A vampire (D:11)
  4 wraiths
  5 hogs (Lair:3)
  25 yaks
  Grum (D:8)
  3 basilisks
  3 vampire mosquitoes (D:11)
  2 redbacks (Lair:3)
  A naga (Lair:2)
  4 steam dragons
  2 acid dragons
  12 water moccasins
  Duvessa (D:6)
  2 sky beasts (D:6)
  3 orc warriors
  11 wolves
  2 centaurs (D:11)
  A centaur (shapeshifter) (D:11)
  8 bullfrogs
  A kobold brigand (D:8)
  A necrophage (D:4)
  4 gnoll sergeants
  2 scorpions
  Dowan (D:6)
  8 killer bees
  2 howler monkeys
  3 lava snakes (Lair:3)
  A jelly (D:7)
  A gnoll bouda (D:9)
  7 orc priests
  2 hounds
  3 iguanas
  5 orc wizards
  A boggart skeleton (D:7)
  33 gnolls
  9 adders
  5 shadow imps (D:7)
  3 white imps
  A worm (D:2)
  2 dart slugs (D:1)
  20 orcs
  5 ball pythons
  7 endoplasms
  38 goblins
  27 hobgoblins
  7 jackals (D:1)
  15 kobolds
  7 bats
  5 frilled lizards
  7 rats
  A spectral kobold (D:1)
  A bush (Lair:4)
444 creatures vanquished.

Vanquished Creatures (others)
  11 bushes (Lair:4)
  486 foxfires
  15 fungi
  109 plants
  11 withered plants (D:7)
632 creatures vanquished.

Grand Total: 1076 creatures vanquished

Notes
Turn   | Place    | Note
-------+----------+-------------------------------------------
     0 | D:1      | DemonSlayer the Demonspawn Fire Elementalist began the
                  | quest for the Orb.
     0 | D:1      | Reached XP level 1. HP: 13/13 MP: 3/3
   511 | D:1      | Gained mutation: You have a pair of small antennae on your
                  | head. [demonic ancestry]
   511 | D:1      | Reached XP level 2. HP: 16/19 MP: 1/5
   514 | D:1      | Learned a level 2 spell: Scorch
   933 | D:1      | Found a faded altar of an unknown god.
  1240 | D:1      | Gained mutation: You regenerate magic rapidly. [demonic
                  | ancestry]
  1240 | D:1      | Reached XP level 3. HP: 19/24 MP: 4/6
  1300 | D:1      | Learned a level 3 spell: Conjure Flame
  1691 | D:2      | Found Poexzuz's Antique Weapon Shop.
  1986 | D:2      | Reached XP level 4. HP: 30/30 MP: 4/7
  2818 | D:3      | Found a shadowy altar of Dithmenos.
  3125 | D:3      | Gained mutation: Spells you cast may paralyse adjacent
                  | enemies. [demonic ancestry]
  3125 | D:3      | Reached XP level 5. HP: 34/35 MP: 4/8
  3877 | D:3      | Reached skill level 3 in Spellcasting
  4179 | D:3      | Found a hide-covered altar of Uskayaw.
  4306 | D:3      | Learned a level 4 spell: Flame Wave
  4455 | D:4      | Gained mutation: Spells you cast may paralyse nearby
                  | enemies. [demonic ancestry]
  4455 | D:4      | Reached XP level 6. HP: 41/41 MP: 8/10
  4563 | D:4      | Found a bloodstained altar of Trog.
  4974 | D:5      | Entered Level 5 of the Dungeon
  4974 | D:5      | Found an ancient bone altar of Kikubaaqudgha.
  4991 | D:5      | Reached skill level 1 in Armour
  4995 | D:5      | Noticed a water moccasin
  4999 | D:5      | Killed a water moccasin
  5000 | D:5      | Gained mutation: When hurt, damage is shared between your
                  | health and your magic reserves. [demonic ancestry]
  5000 | D:5      | Reached XP level 7. HP: 43/46 MP: 7/12
  5052 | D:5      | Found a burning altar of Makhleb.
  5110 | D:5      | Reached skill level 4 in Spellcasting
  5202 | D:5      | Found a shimmering blue altar of Sif Muna.
  5344 | D:5      | Reached skill level 1 in Short Blades
  5723 | D:6      | Noticed Dowan
  5723 | D:6      | Noticed Duvessa
  5739 | D:6      | Killed Duvessa
  5744 | D:6      | Killed Dowan
  5749 | D:6      | Reached skill level 5 in Fire Magic
  5749 | D:6      | Gained mutation: You are partially covered in large bone
                  | plates. (SH +4) [demonic ancestry]
  5749 | D:6      | Reached XP level 8. HP: 26/52 MP: 1/15
  6027 | D:6      | Reached skill level 5 in Spellcasting
  6159 | D:5      | Became a worshipper of Makhleb the Destroyer
  6292 | D:2      | Bought a runed quick blade for 378 gold pieces
  6380 | D:7      | Noticed a hellwing
  6380 | D:7      | Noticed a hellwing
  6392 | D:7      | Reached skill level 5 in Stealth
  6711 | D:6      | Killed a hellwing
  6847 | D:7      | Reached skill level 6 in Spellcasting
  6913 | D:7      | Reached skill level 1 in Fighting
  6913 | D:7      | Reached XP level 9. HP: 59/59 MP: 18/18
  7136 | D:7      | Reached skill level 7 in Spellcasting
  7157 | D:7      | Found a staircase to the Ecumenical Temple.
  7431 | D:7      | Noticed a deep elf zephyrmancer
  7439 | D:7      | Killed a deep elf zephyrmancer
  7439 | D:7      | Reached * piety under Makhleb
  7440 | D:7      | Gained mutation: You have a pair of antennae on your head.
                  | [demonic ancestry]
  7440 | D:7      | Reached XP level 10. HP: 54/65 MP: 19/21
  7882 | D:7      | Learned a level 3 spell: Tukima's Dance
  8056 | D:8      | Noticed Grum
  8067 | D:8      | Killed Grum
  8152 | D:8      | Found a shimmering altar of Xom.
  8265 | D:8      | Noticed a cyclops
  8275 | D:8      | Killed a cyclops
  8276 | D:8      | Reached skill level 8 in Spellcasting
  8436 | D:8      | Found a sacrificial altar of Ru.
  8614 | D:8      | You fall into a shaft and drop 1 floor!
  8624 | D:9      | Found a staircase to the Orcish Mines.
  8637 | D:9      | Identified the +6 hand axe of the Many Visions {vamp,
                  | rPois}
  8825 | D:9      | Identified the +8 shortbow of Efosi {venom, rN+ Stlth+}
  9063 | D:9      | Reached ** piety under Makhleb
  9066 | D:9      | Reached skill level 1 in Ranged Weapons
  9068 | D:9      | Reached skill level 1 in Axes
  9193 | D:9      | Noticed a two-headed ogre
  9200 | D:9      | Killed a two-headed ogre
  9201 | D:9      | Reached skill level 1 in Shields
  9420 | D:9      | Found Madak's Antique Armour Boutique.
  9730 | D:9      | Learned a level 4 spell: Dispel Undead
  9740 | D:10     | Entered Level 10 of the Dungeon
  9784 | D:10     | Gained mutation: You are mostly covered in large bone
                  | plates. (SH +6) [demonic ancestry]
  9784 | D:10     | Reached XP level 11. HP: 72/72 MP: 23/23
  9873 | D:10     | Noticed Maggie
  9881 | D:10     | Killed Maggie
 10047 | D:10     | Reached skill level 9 in Spellcasting
 10052 | D:10     | Reached *** piety under Makhleb
 10358 | D:10     | Found a staircase to the Lair.
 10579 | Lair:1   | Entered Level 1 of the Lair of Beasts
 10795 | Lair:1   | Noticed a six-headed hydra
 10800 | Lair:1   | Killed a six-headed hydra
 11063 | Lair:1   | Noticed Prince Ribbit
 11068 | Lair:1   | Killed Prince Ribbit
 11567 | Lair:2   | Reached skill level 5 in Ranged Weapons
 11753 | Lair:2   | Reached skill level 10 in Fire Magic
 11826 | Lair:2   | Reached skill level 10 in Spellcasting
 11826 | Lair:2   | Reached XP level 12. HP: 56/80 MP: 19/26
 11930 | Lair:2   | Noticed a six-headed hydra
 11946 | Lair:2   | Killed a six-headed hydra
 11989 | Lair:2   | Found a staircase to the Snake Pit.
 12098 | Lair:2   | Noticed a five-headed hydra
 12105 | Lair:2   | Killed a five-headed hydra
 12448 | Lair:2   | Identified 2 scrolls of acquirement
 12448 | Lair:2   | Acquired the +12 pair of quick blades "Gyre" and "Gimble"
                  | {protect}
 12448 | Lair:2   | Found the +12 pair of quick blades "Gyre" and "Gimble"
                  | {protect}
 12902 | Lair:3   | Noticed a six-headed hydra
 12908 | Lair:3   | Killed a six-headed hydra
 13091 | Lair:3   | Noticed Kirke
 13095 | Lair:3   | Noticed Amaemon
 13281 | Lair:3   | Acquired the +0 pair of boots "Luylua Ymeu" {Regen+}
 13394 | Lair:3   | Found a staircase to the Shoals.
 13424 | Lair:3   | Killed Kirke
 13432 | Lair:3   | Killed Amaemon
 13433 | Lair:3   | Reached skill level 11 in Spellcasting
 13498 | Lair:3   | Found a runed translucent door.
 13759 | Lair:3   | Identified the -1 hat of Lugonu's Pride {Regen+}
 13774 | Lair:3   | Found a runed translucent gate.
 13774 | Lair:3   | Found a runed translucent gate.
 13774 | Lair:3   | Found a runed translucent gate.
 13774 | Lair:3   | Found a runed translucent gate.
 13774 | Lair:3   | Found a runed translucent gate.
 13774 | Lair:3   | Found a runed translucent gate.
 13774 | Lair:3   | Noticed a boulder beetle
 13782 | Lair:3   | Killed a boulder beetle
 13794 | Lair:3   | Reached **** piety under Makhleb
 13904 | Lair:4   | Gained mutation: You are completely covered in large bone
                  | plates. (SH +8) [demonic ancestry]
 13904 | Lair:4   | Reached XP level 13. HP: 85/88 MP: 28/28
 14436 | Lair:4   | Reached skill level 5 in Dodging
 14839 | Lair:5   | Entered Level 5 of the Lair of Beasts
 15176 | D:11     | Reached skill level 12 in Spellcasting
 15261 | D:11     | Noticed Sonja
 15271 | D:11     | Killed Sonja
 15296 | D:11     | Reached ***** piety under Makhleb
 15573 | D:11     | Reached skill level 5 in Fighting
 15676 | D:11     | Noticed Urug
 15695 | D:11     | Killed Urug
 15709 | D:11     | Reached XP level 14. HP: 86/98 MP: 4/30
 15727 | D:11     | Reached skill level 10 in Stealth
 15942 | D:11     | Identified the +5 ring mail of Sesobbye {rElec Slay+2}
 16093 | D:11     | Reached skill level 13 in Spellcasting
 16111 | D:11     | HP: 3/98 [eight-headed hydra (9)]
 16111 | D:11     | Mangled by an eight-headed hydra

Illustrated notes

Levels and vault maps discovered:
D:1:      minmay_arrival_up_and_down, layout_loops_ring,
          dreamdust_ecumenical_altar_drowned_temple
D:2:      layout_loops_ring, serial_shops, shop, minmay_misc_feat_five
D:3:      minmay_goblin_kobold_castle, layout_loops_ring,
          nicolae_uskayaw_suspiria, general_overflow_altar
D:4:      layout_rooms, gammafunk_temple_overflow_wave
D:5:      layout_basic, mainiacjoe_overflow_concentric_impassable,
          mainiacjoe_overflow_catwalk_spiral, minivault_26
D:6:      layout_rooms, uniq_duvessa
D:7:      cheibrodos_grave_circle, layout_loops_ring,
          minmay_temple_entry_large_hall, guppyfry_early_elven_hall
D:8:      layout_rooms, mainiacjoe_overflow_catwalk, xom_teletrap_fun,
          mainiacjoe_overflow_alcove_1, marbit_many_paths, serial_corexii_hall,
          corexii_hall_statues_l, chequers_hall_statues_wall_a,
          hex_intersection, minmay_misc_feat_pillars, uniq_grum
D:9:      layout_loops_corners, orc_0_dummy, serial_shops,
          nicolae_stop_n_shop_1, nicolae_kite_square_tiling_tiny
D:10:     layout_loops_ring, grunt_lair_entry_orc_guard_hut, uniq_maggie
D:11:     minmay_the_grid_square_5x5_5x5
          [minmay_the_grid_square_5x5_tetrominoes,
          minmay_the_grid_square_5x5_spiral,
          minmay_the_grid_square_5x5_hourglass,
          minmay_the_grid_square_5x5_shrine1, minmay_the_grid_square_5x5_v,
          minmay_the_grid_square_5x5_z,
          minmay_the_grid_square_5x5_prize_rear_guard,
          minmay_the_grid_square_5x5_intrusive_squares,
          minmay_the_grid_square_5x5_prize_deathbox,
          minmay_the_grid_square_5x5_percent, minmay_the_grid_square_5x5_three,
          minmay_the_grid_square_5x5_beaten_path,
          minmay_the_grid_square_5x5_prize_junk,
          minmay_the_grid_square_5x5_fancy_junction,
          minmay_the_grid_square_5x5_longway,
          minmay_the_grid_square_5x5_gyroscope,
          minmay_the_grid_square_5x5_prize_monsterx,
          minmay_the_grid_square_5x5_inner_v,
          minmay_the_grid_square_5x5_prize_open,
          minmay_the_grid_square_5x5_inverted_slash,
          minmay_the_grid_square_5x5_plus,
          minmay_the_grid_square_5x5_sharp_hourglass,
          minmay_the_grid_square_5x5_two, minmay_the_grid_square_5x5_n_small,
          minmay_the_grid_square_5x5_meh], layout_basic,
          nicolae_trove_entry_columns, uniq_sonja, uniq_josephine, uniq_urug
Lair:1:   layout_layer_cave, uniq_prince_ribbit2
Lair:2:   layout_regular_city, guppyfry_snake_entry_island, hibernation_bobbens,
          grunt_megastairs_5, serial_bayou_shore_b
Lair:3:   gammafunk_indiana_jones, layout_cave_shapes,
          minmay_shoals_entry_lonely_mermaid, uniq_kirke, uniq_amaemon
Lair:4:   layout_cave_shapes, serial_forest, infiniplex_forest_end_2,
          infiniplex_forest_end_2, infiniplex_forest_straight_3,
          infiniplex_forest_corner_1, infiniplex_forest_clump_double,
          infiniplex_forest_straight_2, infiniplex_forest_end_2,
          infiniplex_forest_diagonal, infiniplex_forest_pool,
          infiniplex_staircase_pool_2, lemuel_fruit_tree
Lair:5:   minmay_lair_end_enchanted_forest, layout_gridlike,
          dpeg_slime_entry_corner

Skill      XL: |  1  2  3  4  5  6  7  8  9 10 11 12 13 14 |
---------------+-------------------------------------------+-----
Fire Magic     | 3 4 5 6 7 8 10 11 12 | 12.4
Dodging        | 2 3 4 5 |  5.1
Stealth        | 2 3 4 5 7 8 9 10 | 10.3
Conjurations   | 2 3 |  3.8
Spellcasting   | 3 4 6 7 8 10 11 12 13 | 13.0
Armour         | 1 2 3 4 |  4.5
Short Blades   | 1 2 3 4 |  4.4
Fighting       | 1 2 3 5 |  5.0
Ranged Weapons | 2 5 6 |  6.3
Axes           | 1 |  1.1
Shields        | 1 2 3 |  3.0

Action                   |  1- 3 |  4- 6 |  7- 9 | 10-12 | 13-15 || total
-------------------------+-------+-------+-------+-------+-------++-------
Melee: Dagger            |    23 |    38 |    21 |       |       ||    82
       Hand axe          |     7 |    11 |       |    13 |       ||    31
       Punch             |       |     1 |     2 |       |       ||     3
       Quick blade       |       |       |    44 |    45 |       ||    89
       Pair of quick bla |       |       |       |    28 |   140 ||   168
 Fire: Shortbow          |       |       |       |   198 |    45 ||   243
Throw: Dart              |     3 |       |       |       |       ||     3
 Cast: Foxfire           |    87 |   174 |     5 |    25 |     1 ||   292
       Scorch            |     3 |    10 |    93 |   239 |   176 ||   521
       Flame Wave        |       |       |       |    11 |    11 ||    22
  Use: Potion            |     1 |     1 |     2 |     3 |     2 ||     9
       Scroll            |       |       |     6 |    12 |     1 ||    19
 Stab: Sleeping          |     3 |     1 |     3 |     5 |     1 ||    13
       Distracted        |     1 |       |       |       |       ||     1
       Paralysed         |       |    23 |    40 |    52 |    67 ||   182
Armor: Robe              |     3 |       |       |       |       ||     3
       Leather armour    |     6 |    15 |    32 |    21 |       ||    74
       Acid dragon scale |       |       |       |    18 |       ||    18
       Troll leather arm |       |       |       |    67 |    78 ||   145
       Steam dragon scal |       |       |       |     4 |       ||     4
Dodge: Dodged            |    31 |    43 |    52 |   183 |   139 ||   448
Block: Other             |       |       |    16 |    78 |    89 ||   183
